AoeStats
← marzzzel1337

Nomad

508859792Analyzed
2v2 RM · 7d ago on Sep 24, 2026· 34m 50s· 4 players
Game mode
Random Map
Map size
176×176
Population
200
Speed
Normal
Resources
Standard
Victory
Conquest
Starting age
Dark Age
Ending age
Imperial Age
RankedLock teamsTeams togetherTeam positionsShared explorationLock speedFull tech treeHidden civsTurbo modeCheats
Victory
Defeat
🇳🇿 Khmer · New Zealand
950
+15
🇦🇺 Franks · Australia
950
+15
🇩🇪 Japanese · Germany
972
-17
🇩🇪 Franks · Germany
876
-23
Aircontrol
4:14 Loom
16:07 Feudal Age
19:37 Double-Bit Axe
28:21 Castle Age
33:43 Murder Holes
marzzzel1337
4:19 Loom
18:21 Feudal Age
19:17 Double-Bit Axe
19:25 Gold Mining
20:22 Wheelbarrow
28:55 Castle Age
Chippindall
15:29 Feudal Age
14:35 Loom
16:26 Fishing Lines
16:35 Double-Bit Axe
21:03 Castle Age
19:14 Fletching
19:25 Padded Archer Armor
23:39 Bodkin Arrow
23:59 Leather Archer Armor
24:01 Gold Mining
28:00 Ordonnance Companies
32:59 Wheelbarrow
34:22 Husbandry
ARCHI_Trent
16:12 Feudal Age
17:05 Horse Collar
18:08 Forging
18:04 Scale Barding Armor
17:50 Double-Bit Axe
22:18 Castle Age
24:41 Bloodlines
25:00 Chain Barding Armor
26:59 Husbandry
28:06 Iron Casting
Connection lost

Rejoining the realm…

Still unreachable

The connection could not be restored.

Session expired

The server has moved on; the page needs a fresh start.